 Dungeon Crawl Stone Soup version 0.19-a0-36-g4a0968a (webtiles) character file.

759 M4edhros the Covert (level 7, -7/45 HPs)
             Began as an Octopode Artificer on May 4, 2016.
             Mangled by a wyvern (14 damage)
             ... on level 6 of the Dungeon.
             The game lasted 00:06:22 (5551 turns).

M4edhros the Covert (Octopode Artificer)            Turns: 5551, Time: 00:06:23

Health: -7/45      AC:  2    Str: 12    XL:     7   Next: 80%
Magic:  9/9        EV: 15    Int: 15    God:
Gold:   247        SH:  0    Dex: 14    Spells: 0 memorised, 6 levels left

rFire  . . .     SeeInvis .     a - +0 short sword
rCold  . . .     Gourm    .     (no shield)
rNeg   . . .     Faith    .     A - +1 hat
rPois  .         Spirit   .     (no amulet)
rElec  .         Dismiss  .     (no ring)
rCorr  .         Reflect  .     (no ring)
SustAt .         Harm     .     (no ring)
MR     .....                    (no ring)
Stlth  ++++++....               (no ring)
                                (no ring)
                                (no ring)
                                (no ring)

@: not resistant to hostile enchantments, very stealthy
A: almost no armour, amphibious, 8 rings, constrict 8, repulsion field 1,
camouflage 1, strong 1, gelatinous body 1
a: no special abilities


You were on level 6 of the Dungeon.
You were hungry.

You visited 1 branch of the dungeon, and saw 6 of its levels.
You also visited: Ossuary.

You collected 247 gold pieces.

Inventory:

Hand Weapons
 a - a +0 short sword (weapon)
 y - a +0 hunting sling
Missiles
 o - 378 stones (quivered)
 q - 12 sling bullets
Armour
 A - a +1 hat (worn)
Jewellery
 l - an uncursed ring of ice
Wands
 b - a wand of flame (0/48)
 c - a wand of enslavement (7/24)
 d - a wand of random effects (1/48)
Scrolls
 e - 7 scrolls of remove curse {unknown}
 h - 6 scrolls of identify {unknown}
 n - 3 scrolls of fog {unknown}
 t - 2 scrolls of noise {unknown}
 u - a scroll of recharging {unknown}
 B - 2 scrolls of magic mapping {unknown}
 E - a scroll of enchant armour {unknown}
 G - 3 scrolls of teleportation {unknown}
 I - a scroll of summoning {unknown}
 J - a scroll of enchant weapon {unknown}
Potions
 g - 2 potions of cure mutation
 i - 2 potions of invisibility {unknown}
 j - a potion of might
 k - 2 potions of ambrosia
 r - 2 potions of lignification {unknown}
 s - 2 potions of flight {unknown}
 v - a potion of berserk rage {unknown}
 x - 2 potions of curing {unknown}
 C - a potion of cancellation {unknown}
 D - a potion of haste {unknown}
 F - a potion of brilliance {unknown}
 H - a potion of mutation {unknown}
 K - 2 potions of agility
 L - 2 potions of degeneration {unknown}
Books
 w - a book of Flames

   Spells                             Type                      Level
   a - Flame Tongue                   Conjuration/Fire             1
   b - Throw Flame                    Conjuration/Fire             2
   c - Conjure Flame                  Conjuration/Fire             3
   d - Inner Flame                    Hexes/Fire                   3
   e - Sticky Flame                   Conjuration/Fire             4
   f - Fireball                       Conjuration/Fire             5
Comestibles
 f - 4 bread rations
 m - 3 meat rations


   Skills:
 + Level 2.0 Fighting
 - Level 1.0 Short Blades
 * Level 2.4 Slings
 + Level 2.6 Dodging
 - Level 10.5 Stealth
 - Level 3.2 Evocations


You had 6 spell levels left.
You didn't know any spells.

Dungeon Overview and Level Annotations

Branches:
Dungeon (6/15)
 Temple: D:4-7

Altars:
Elyvilon
Pakellas
The Shining One


Innate Abilities, Weirdness & Mutations

You cannot wear most types of armour.
You are amphibious.
You can wear up to eight rings at the same time.
You can use your tentacles to constrict eight enemies at once.
Your skin changes colour to match your surroundings (Stealth).
Your rubbery body absorbs attacks (AC +1).
You are surrounded by a mild repulsion field (EV +2).
Your muscles are strong. (Str +2)


Message History

Aim: an orc The wyvern seems to speed up.
This wand has 1 charge left.
The wyvern bites you.
Evoke which item? (* to show all) (? for menu, Esc to quit)
Zapping:
c - a wand of enslavement (9/24)
Press: ? - help, Shift-Dir - straight line, f - wyvern
Aim: a wyvern (fast, chance to defeat MR: 52%)
The wyvern resists with significant effort.
This wand has 8 charges left.
The wyvern hisses menacingly.
The wyvern bites you! The wyvern bites you.
Evoke which item? (* to show all) (? for menu, Esc to quit)
Zapping:
c - a wand of enslavement (8/24)
Press: ? - help, Shift-Dir - straight line, f - wyvern
Aim: a wyvern (fast, chance to defeat MR: 52%)
The wyvern resists with significant effort.
This wand has 7 charges left.
The wyvern bites you!
* * * LOW HITPOINT WARNING * * *
The orc completely misses you. The wyvern bites you!
You die...

#### ...!..# ..#
#......# #.# #......#
#.#### #......#
####....#########......#
..<.......†............#
#######.#########...[..#
#..####...@......#
##......#$ol..#..#
#####.###...###.##
#..#..#..#...#
##....#......#
##..........#
#...###.....# #..#..
..#...# ..###..o###..#


You could see a wyvern and an orc.

Vanquished Creatures
  The ghost of namelastname112 the Skirmisher, an amateur DrWn (D:3)
  A sky beast (D:5)
  A gnoll sergeant (D:4)
  A crimson imp (D:5)
  A giant frog zombie (D:5)
  An orc wizard (D:4)
  An orc priest (D:4)
  A gnoll shaman (D:4)
  A hound skeleton (D:4)
  2 mummies (Ossuary)
  Robin (D:3)
  4 gnolls
  2 howler monkey skeletons (D:4)
  10 adders
  A river rat (D:4)
  A shadow imp (D:5)
  2 oozes
  2 worms
  A dart slug (D:1)
  3 giant geckos
  An orc (D:4)
  9 bats
  3 giant cockroaches
  20 goblins
  14 hobgoblins
  10 jackals
  A quokka (D:3)
  3 ball pythons
  3 giant newts
  A gnoll zombie (Ossuary)
  4 goblin zombies (Ossuary)
  2 hobgoblin zombies (Ossuary)
  9 kobolds
  3 kobold zombies (Ossuary)
  3 quokka zombies (Ossuary)
  5 rats
  5 rat zombies (Ossuary)
134 creatures vanquished.

Vanquished Creatures (collateral kills)
  A gnoll (D:5)
1 creature vanquished.

Vanquished Creatures (others)
  The ghost of nubinia the Grave Robber, an amateur DENe of Ashenzari (D:4)
  A mummy (Ossuary)
2 creatures vanquished.

Grand Total: 137 creatures vanquished

Notes
Turn   | Place    | Note
--------------------------------------------------------------
     0 | D:1      | M4edhros the Octopode Artificer began the quest for the Orb.
     0 | D:1      | Reached XP level 1. HP: 13/13 MP: 3/3
   112 | D:1      | Reached skill level 2 in Stealth
   181 | D:1      | Reached skill level 3 in Stealth
   181 | D:1      | Reached XP level 2. HP: 8/18 MP: 4/4
   522 | D:1      | Reached skill level 4 in Stealth
   805 | D:1      | Reached XP level 3. HP: 21/23 MP: 5/5
  1262 | D:2      | Reached skill level 5 in Stealth
  1755 | D:2      | Reached XP level 4. HP: 21/28 MP: 6/6
  2021 | D:3      | Noticed namelastname112's ghost (amateur DrWn)
  2032 | D:3      | Killed namelastname112's ghost
  2032 | D:3      | Reached skill level 7 in Stealth
  2032 | D:3      | Reached XP level 5. HP: 19/33 MP: 7/7
  2537 | D:3      | Reached skill level 8 in Stealth
  2906 | D:3      | Found a faded altar to an unknown god.
  3017 | D:3      | Reached XP level 6. HP: 34/38 MP: 8/8
  3066 | D:3      | Noticed Robin
  3421 | D:3      | Killed Robin
  3520 | D:4      | Found a glowing golden altar of the Shining One.
  3691 | D:4      | Noticed nubinia's ghost (amateur DENe)
  3710 | D:4      | Your ally nubinia died
  3716 | D:4      | Reached skill level 9 in Stealth
  3915 | D:4      | Reached skill level 10 in Stealth
  3917 | D:4      | Reached XP level 7. HP: 43/43 MP: 9/9
  4305 | D:5      | Entered Level 5 of the Dungeon
  4305 | D:5      | Found a sand-covered staircase.
  4310 | Ossuary  | Entered an ossuary
  4675 | D:5      | Found an oddly glowing altar of Pakellas.
  4721 | D:5      | Found a white marble altar of Elyvilon.
  4729 | D:5      | Reached skill level 1 in Slings
  5089 | D:5      | Gained mutation: Your mind is acute. (Int +2) [mutagenic meat]
  5090 | D:5      | Gained mutation: You are surrounded by a mild repulsion field (EV +2). [mutagenic meat]
  5091 | D:5      | Lost mutation: Your mind is acute. (Int +2) [mutagenic meat]
  5092 | D:5      | Gained mutation: Your muscles are strong. (Str +2) [mutagenic meat]
  5538 | D:6      | Noticed a wyvern
  5551 | D:6      | Mangled by a wyvern

Vault maps used:
D:1:      tarquinn_simple_flora_water_a, hex_medium
D:3:      kennysheep_goblin_castle, ecumenical_altar_2, grunt_ministairs_5,
          guppyfry_early_lair_pool
D:4:      kennysheep_mini_moat, first_bread
D:5:      grunt_pakellas_salt, nicolae_overflow_crystal_walls, enter_ossuary_1
D:6:      nicolae_overflow_hidden_temple, overflow_temple_1_default,
          minmay_strange_pillars, nemelex_deck
Ossuary:  ossuary_minmay_chase

Skill      XL: |  1  2  3  4  5  6  7 |
---------------+----------------------+-----
Stealth        | 3 4 5 7 8 10 | 10.5
Slings         | 2 |  2.4
Fighting       | 2 |  2.0
Short Blades   | |  1.0
Dodging        | |  2.6
Evocations     | |  3.2

Action                   |  1- 3 |  4- 6 |  7- 9 || total
-------------------------+-------+-------+-------++-------
Melee: Short sword       |    92 |   130 |    56 ||   278
       Constrict         |    24 |    32 |    13 ||    69
       Tentacles         |    13 |    19 |     9 ||    41
Evoke: Wand              |       |    21 |    16 ||    37
  Use: Potion            |       |     3 |       ||     3
 Stab: Sleeping          |    10 |    10 |    19 ||    39
       Distracted        |       |     2 |       ||     2
  Eat: Chunk             |     1 |     9 |     5 ||    15
       Pizza             |       |       |     1 ||     1
       Beef jerky        |       |       |     1 ||     1
Armor: Skin              |    14 |    14 |     3 ||    31
Dodge: Dodged            |    53 |    73 |    25 ||   151
